 Dungeon Crawl Stone Soup version 0.29-a0-418-gc0181ea820 (webtiles) character file.

Game seed: 6819985706691525558

244 Hubjo the Magician (level 5, -7/32 HPs)
             Began as a Deep Elf Fire Elementalist on May 17, 2022.
             Mangled by a yak (17 damage)
             ... on level 3 of the Dungeon.
             The game lasted 00:03:20 (5073 turns).

Hubjo the Magician (Deep Elf Fire Elementalist)     Turns: 5073, Time: 00:03:20

Health: -7/32      AC:  3    Str:  5    XL:     5   Next: 83%
Magic:  5/13       EV: 12    Int: 22    God:
Gold:   167        SH:  0    Dex: 15    Spells: 12/13 levels left

rFire   . . .      SeeInvis .   s - +2 dagger (speed)
rCold   . . .      Faith    .   (no shield)
rNeg    . . .      Spirit   .   a - +0 robe
rPois   .          Reflect  .   (no helmet)
rElec   .          Harm     .   (no cloak)
rCorr   .          Rampage  .   (no gloves)
Will    +....                   r - +0 pair of boots
Stlth   +++.......              (no amulet)
HPRegen 0.10/turn               c - ring of willpower
MPRegen 0.13/turn               (no ring)

@: very slightly contaminated
A: no striking features
a: no special abilities


You were on level 3 of the Dungeon.
You visited 1 branch of the dungeon, and saw 4 of its levels.

You collected 167 gold pieces.

Inventory:

Hand Weapons
 s - a +2 dagger of speed (weapon)
Missiles
 f - 2 throwing nets
Armour
 a - a +0 robe (worn)
 r - a +0 pair of boots (worn)
Jewellery
 c - a ring of willpower (left hand)
Wands
 l - a wand of iceblast (9)
Scrolls
 g - a scroll of poison {unknown}
 h - 3 scrolls of identify {unknown}
 i - 2 scrolls of magic mapping {unknown}
 j - a scroll of noise {unknown}
 m - 3 scrolls of torment {unknown}
 n - a scroll of blinking {unknown}
 q - a scroll of teleportation {unknown}
Potions
 b - a potion of magic
 d - a potion of brilliance {unknown}
 e - a potion of mutation {unknown}
 k - a potion of attraction {unknown}
 o - a potion of invisibility {unknown}
 p - a potion of heal wounds {unknown}


   Skills:
 * Level 2.9 Fighting
 - Level 2.4 Dodging
 + Level 4.1 Stealth
 + Level 4.5 Spellcasting
 - Level 1.1 Conjurations
 + Level 4.3 Fire Magic


You had 12 spell levels left.
You knew the following spells:

 Your Spells              Type           Power      Damage    Failure   Level
a - Foxfire               Conj/Fire      64%        2x1d7     3%          1

Your spell library contained the following spells:

 Spells                   Type           Power      Damage    Failure   Level
 Scorch                   Fire           48%        2d7       2%          2
 Magic Dart               Conj           36%        1d4       7%          1
 Conjure Flame            Conj/Fire      16%        6-21      11%         3
 Inner Flame              Hex/Fire       14%        N/A       13%         3
 Call Imp                 Summ           4%         N/A       16%         2
 Mephitic Cloud           Conj/Pois/Air  6%         N/A       28%         3
 Flame Wave               Conj/Fire      16%        2d6       34%         4
 Cause Fear               Hex            2%         N/A       71%         4
 Dragon Form              Tmut           2%         N/A       100%        7
 Dragon's Call            Summ           2%         N/A       100%        9


Dungeon Overview and Level Annotations

Branches:
Dungeon (4/15)
 Temple: D:4-7

Altars:

Annotations:
D:2 1 runed translucent door, Crazy Yiuf


Message History

You conjure some foxfire!
The foxfire hits the yak but does no damage.
The yak is lightly wounded.
The foxfire hits the yak.
The yak is moderately wounded.
The yak barely misses you.
You conjure some foxfire!
The foxfire hits the yak.
The yak is moderately wounded.
The foxfire hits the yak but does no damage.
The yak is moderately wounded.
The yak closely misses you.
You conjure some foxfire!
The foxfire hits the yak.
The yak is heavily wounded.
The foxfire hits the yak.
The yak is heavily wounded.
The yak gores you but does no damage.
You conjure some foxfire!
The foxfire hits the yak.
The yak is heavily wounded.
The foxfire hits the yak.
The yak is severely wounded.
The yak gores you!
You conjure some foxfire!
The foxfire hits the yak but does no damage.
The yak is severely wounded.
The foxfire hits the yak.
The yak is severely wounded.
The yak gores you!
You are too injured to fight recklessly!
You are too injured to fight recklessly!
Casting: Foxfire (safe; 3% risk of failure)
Confirm with . or Enter, or press ? or * to list all spells.
You miscast Foxfire.
You are very lightly contaminated with residual magic.
Nothing appears to happen.
The foxfire hits the yak.
The yak is severely wounded.
The foxfire hits the yak.
The yak is almost dead.
The yak gores you!
Ouch! That really hurt!
You die...

#.....# #..##.....#
###.### #..........
#.# #.##....... #>#
##.#....... ##.##
##........ ##...##
##<....## ##.....##
##....#
##...Y...#######.#.##
#....@.............#
##..§.§..#####.....##
##.....#.......>...##
#....##.####........
#......)........####
###.......####.##
#####.#.# ### ###.#.#
#.....##########


You could see a yak.

Vanquished Creatures
  A scorpion (D:4)
  A hound (D:4)
  2 iguanas
  Terence (D:2)
  2 adders
  2 worms
  A dart slug (D:1)
  An orc (D:2)
  7 endoplasms
  A giant cockroach (D:2)
  5 goblins
  2 hobgoblins
  10 jackals
  4 kobolds
  3 quokkas
  6 ball pythons
  3 bats
  3 frilled lizards
  2 rats (D:1)
57 creatures vanquished.

Vanquished Creatures (others)
  497 foxfires
497 creatures vanquished.

Grand Total: 554 creatures vanquished

Notes
Turn   | Place    | Note
-------+----------+-------------------------------------------
     0 | D:1      | Hubjo the Deep Elf Fire Elementalist began the quest for
                  | the Orb.
     0 | D:1      | Reached XP level 1. HP: 10/10 MP: 6/6
   276 | D:1      | Reached XP level 2. HP: 15/16 MP: 0/8
   810 | D:1      | Reached skill level 1 in Fighting
  1845 | D:2      | Reached XP level 3. HP: 18/20 MP: 1/9
  2322 | D:2      | Found a runed translucent door.
  2332 | D:2      | Noticed Crazy Yiuf
  2535 | D:2      | Noticed Terence
  2541 | D:2      | Killed Terence
  2591 | D:2      | Reached XP level 4. HP: 20/26 MP: 0/11
  2744 | D:2      | Found a faded altar of an unknown god.
  4798 | D:4      | Noticed a scorpion
  4807 | D:4      | Killed a scorpion
  4808 | D:4      | Reached XP level 5. HP: 31/31 MP: 4/13
  5046 | D:4      | Noticed a yak
  5047 | D:4      | Noticed a yak
  5052 | D:4      | Noticed a yak
  5059 | D:4      | Noticed a yak
  5073 | D:3      | Mangled by a yak

Illustrated notes

Levels and vault maps discovered:
D:1:      lemuel_arrival_rhombus, layout_basic, dk_noncrumbling_2,
          minmay_pentomino_p2
D:2:      cheibrodos_helix_gallery, layout_basic,
          shapermc_ecumenical_altar_totnotflames, uniq_crazy_yiuf_cottage,
          uniq_terence
D:3:      layout_loops_ring, minivault_11
D:4:      cheibrodos_thug_alley, layout_loops_ring

Skill      XL: |  1  2  3  4  5 |
---------------+----------------+-----
Fighting       | 1 2 |  2.9
Stealth        | 3 4 |  4.1
Spellcasting   | 4 |  4.5
Fire Magic     | 4 |  4.3
Dodging        | |  2.4
Conjurations   | |  1.1

Action                   |  1- 3 |  4- 6 || total
-------------------------+-------+-------++-------
Melee: Unarmed           |     1 |     6 ||     7
       Dagger            |       |     1 ||     1
 Cast: Foxfire           |   161 |   156 ||   317
Armor: Robe              |     2 |     3 ||     5
Dodge: Dodged            |    14 |    17 ||    31

Table legend: (Time is in decaauts)
 A = Elapsed time spent in this place.
 B = Non-inter-level travel time spent in this place.
 C = Inter-level travel time spent in this place.
 D = Time resting spent in this place.
 E = Time spent auto-exploring this place.
 F = Levels seen in this place.
 G = Mean time per level.
                   A        B        C        D        E       F      G
               +--------+--------+--------+--------+--------+-----+--------+
         Total |   5072 |   4905 |    167 |      0 |   4305 |   4 | 1268.0 |
       Dungeon |   5072 |   4905 |    167 |      0 |   4305 |   4 | 1268.0 |
               +--------+--------+--------+--------+--------+-----+--------+

Top non-repeatable levels by time:
     D:1: 1790 daAuts
     D:3: 1439 daAuts
     D:2: 1369 daAuts
     D:4: 472 daAuts
